 Dungeon Sprint DCSS version 0.29-a0-559-g359e09b9d1 (webtiles) character file.

Game seed: 11759885822838085198

550 Strat the Severer (level 7, -4/82 (85) HPs)
             Began as a Hill Orc Fighter on June 10, 2022.
             Slain by a red devil
             ... wielding a +0 trident
             ... summoned by a kobold demonologist
              (9 damage)
             ... in the Dungeon (Sprint I: "Red Sonja").
             The game lasted 00:01:44 (444 turns).

Strat the Severer (Hill Orc Fighter)                 Turns: 444, Time: 00:01:44

HP:   -4/82 (85)    AC:  6    Str: 21    XL:     7   Next: 29%
MP:   7/7           EV:  9    Int:  8    God:
Gold: 270           SH:  4    Dex: 10    Spells: 6/6 levels left

rFire   . . .      SeeInvis .   a - +0 war axe
rCold   . . .      Faith    .   c - +0 buckler
rNeg    . . .      Spirit   .   b - +0 scale mail
rPois   .          Reflect  .   (no helmet)
rElec   .          Harm     .   (no cloak)
rCorr   .          Rampage  .   (no gloves)
Will    .....      NoTele   +   (no boots)
Stlth   ..........              (no amulet)
HPRegen 0.23/turn               (no ring)
MPRegen 0.10/turn               (no ring)

@: berserking (expiring), spiked, lightly drained, very quick
A: no striking features
a: no special abilities


You were in the Dungeon.
You visited 1 branch You collected 270 gold pieces.

Inventory:

Hand Weapons
 a - a +0 war axe (weapon)
Armour
 b - a +0 scale mail (worn)
 c - a +0 buckler (worn)
Wands
 k - a wand of iceblast (6)
Scrolls
 j - a scroll of blinking
Potions
 e - a potion of curing
 g - a potion of haste
 h - 2 potions of magic


   Skills:
 - Level 3.6 Fighting
 + Level 19.1 Axes
 - Level 3.2 Armour
 - Level 3.2 Shields


You had 6 spell levels left.
You didn't know any spells.
Your spell library was empty.

Dungeon Overview and Level Annotations

Branches:
Dungeon (1/1)

Altars:
Makhleb
Xom
Jiyva
Lugonu


Message History

You barely miss the ynoxinul.
The ynoxinul is moderately wounded.
The ynoxinul hits you but does no damage.
You completely miss the ynoxinul.
The ynoxinul is moderately wounded.
You block the ynoxinul's attack.
You hit the ynoxinul.
The ynoxinul is heavily wounded.
The kobold demonologist casts a spell.
You slice the ynoxinul!!
You kill the ynoxinul!
The ynoxinul disappears in a puff of smoke!
The hellwing disappears in a puff of smoke!
The kobold demonologist hits you with a +0 dagger.
* * * LOW HITPOINT WARNING * * *
You block the kobold demonologist's attack.
The soul eater barely misses you.
The red devil hits you from afar with a +0 trident!
* * * LOW HITPOINT WARNING * * *
Barbed spikes become lodged in your body.
There is an open door, spattered with blood here.
You hit the kobold demonologist.
The kobold demonologist is lightly wounded.
You closely miss the soul eater.
You closely miss the kobold demonologist.
You slice the kobold demonologist!!
The kobold demonologist is heavily wounded.
You hit the soul eater.
You barely miss the kobold demonologist.
The kobold demonologist begins to cast a cantrip, but forgets the words!
The kobold demonologist looks encouraged for a moment.
You slash the kobold demonologist!
The kobold demonologist is almost dead.
You hit the soul eater but do no damage.
You hit the kobold demonologist. The soul eater hits you!
* * * LOW HITPOINT WARNING * * *
You feel drained.
* * * LOW HITPOINT WARNING * * *
The red devil hits you from afar with a +0 trident!
You die...

##########################
#<.#..)..#.)'..#K4#..'...#
#..').#..'..#..@K.'..#...#
#..#####'#####+#3_#### 4.+
#..# #..# #### ## #..#
#### #..# #⌠⌠# ####


You could see a soul eater (summoned), 2 kobold demonologists and a red devil
(summoned).

Vanquished Creatures
  A slime creature (D)
  Sigmund (D)
  A floating eye (D)
  An ogre (D)
  Ijyb (D)
5 creatures vanquished.

Notes
Turn   | Place    | Note
-------+----------+-------------------------------------------
     0 | D        | Strat the Hill Orc Fighter began the quest for the Orb.
     0 | D        | Reached XP level 1. HP: 19/19 MP: 1/1
     1 | D        | Noticed Ijyb
    12 | D        | Killed Ijyb
    13 | D        | Reached skill level 7 in Axes
    13 | D        | Reached XP level 2. HP: 13/26 MP: 2/2
   168 | D        | Noticed an ogre
   171 | D        | Killed an ogre
   172 | D        | Reached skill level 12 in Axes
   172 | D        | Reached XP level 3. HP: 31/31 MP: 3/3
   172 | D        | Reached XP level 4. HP: 39/39 MP: 4/4
   176 | D        | Noticed Sigmund
   183 | D        | Killed Sigmund
   184 | D        | Reached skill level 15 in Axes
   184 | D        | Reached XP level 5. HP: 45/45 MP: 5/5
   184 | D        | Reached XP level 6. HP: 51/51 MP: 6/6
   209 | D        | Found a burning altar of Makhleb.
   209 | D        | Found a viscous altar of Jiyva.
   209 | D        | Found a shimmering altar of Xom.
   209 | D        | Found a corrupted altar of Lugonu.
   209 | D        | Noticed a slime creature
   220 | D        | Killed a slime creature
   221 | D        | Reached skill level 18 in Axes
   221 | D        | Reached XP level 7. HP: 24/57 MP: 7/7
   411 | D        | Noticed a kobold demonologist
   411 | D        | Noticed a kobold demonologist
   412 | D        | Noticed a soul eater
   413 | D        | Noticed a hellwing
   413 | D        | Noticed a soul eater
   415 | D        | Reached skill level 19 in Axes
   423 | D        | Noticed a ynoxinul
   426 | D        | Noticed a soul eater
   441 | D        | Noticed a red devil
   444 | D        | Slain by a red devil

Illustrated notes

Levels and vault maps discovered:
D:        dungeon_sprint_1 [red_sonja_temple_1, red_sonja_temple_small_1]

Skill      XL: |  1  2  3  4  5  6  7 |
---------------+----------------------+-----
Axes           | 7 12 15 18 19 | 19.1
Fighting       | |  3.6
Armour         | |  3.2
Shields        | |  3.2

Action                   |  1- 3 |  4- 6 |  7- 9 || total
-------------------------+-------+-------+-------++-------
Melee: War axe           |    12 |    10 |    21 ||    43
Evoke: Wand              |     1 |     1 |     3 ||     5
  Use: Potion            |       |     1 |     2 ||     3
Armor: Scale mail        |     6 |       |     1 ||     7
Dodge: Dodged            |     4 |     4 |     2 ||    10
Block: Buckler           |     1 |     1 |     5 ||     7

Table legend: (Time is in decaauts)
 A = Elapsed time spent in this place.
 B = Non-inter-level travel time spent in this place.
 C = Inter-level travel time spent in this place.
 D = Time resting spent in this place.
 E = Time spent auto-exploring this place.
 F = Levels seen in this place.
 G = Mean time per level.
                   A        B        C        D        E       F      G
               +--------+--------+--------+--------+--------+-----+--------+
         Total |    436 |    436 |      0 |    319 |      0 |   1 |  436.0 |
       Dungeon |    436 |    436 |      0 |    319 |      0 |   1 |  436.0 |
               +--------+--------+--------+--------+--------+-----+--------+

Top non-repeatable levels by time:
       D: 436 daAuts
